Map: Triton LE

Players

SpeCial - Winner!

  • Race: Terran Terran
  • Spawn Location: 5:00

PartinG

  • Race: Protoss Protoss
  • Spawn Location: 11:00

Event: IEM Katowice 2020

VOD

Have the link to the VOD?

Description

Time

  • Played on: Feb. 27, 2020, 6:07 a.m.
  • Length: 7:37

All games in this series

Show
View Real Time Build Order
Export as new Build Order

SpeCial Terran - Winner!

Build Orders: Reaper Expand, Banshee Rush 

Get SALT Encoding   

  12  0:00  SCV  
  13  0:13  SCV  
  14  0:17  Supply Depot  
  14  0:25  SCV  
  15  0:38  SCV  
  15  0:40  Barracks  
  16  0:43  Refinery  
  16  0:50  SCV  
  17  1:02  SCV  
  18  1:15  SCV  
  19  1:28  Reaper, Orbital Command  
  20  1:47  Command Center  
  20  1:51  Supply Depot  
  20  1:53  SCV  
  21  1:59  Marine  
  22  2:05  SCV  
  23  2:08  Factory  
  23  2:16  Refinery  
  23  2:18  SCV  
  23  2:22  Bunker  
  24  2:24  Barracks Reactor  
  24  2:30  SCV  
  25  2:42  SCV  
  25  2:52  Starport, Hellion  
  25  2:55  SCV  
  28  3:01  Marine x2  
  28  3:03  Orbital Command  
  30  3:08  SCV  
  31  3:14  Factory Tech Lab  
  31  3:19  Marine x2  
  33  3:22  SCV  
  34  3:29  SCV  
  35  3:36  SCV, Marine x2  
  35  3:38  Supply Depot  
  35  3:39  Cloaking Field  
  38  3:41  SCV  
  38  3:43  Banshee  
  38  3:47  Barracks  
  42  3:55  SCV x2  
  44  4:01  Marine, Barracks  
  44  4:02  Factory Tech Lab  
  45  4:05  Marine  
  45  4:07  SCV  
  47  4:10  SCV  
  47  4:12  Supply Depot  
  48  4:19  SCV  
  48  4:22  SCV  
  50  4:26  Marine x2  
  52  4:31  SCV  
  52  4:34  SCV, Banshee  
  52  4:36  Supply Depot  
  57  4:40  Factory Reactor  
  57  4:43  SCV  
  57  4:45  Engineering Bay  
  58  4:46  SCV  
  57  4:55  Marine x2, SCV, Refinery  
  57  4:56  Marine  
  57  4:58  Marine, SCV  
  63  5:02  Stimpack  
  63  5:06  Supply Depot  
  63  5:07  SCV  
  63  5:10  SCV  
  65  5:19  SCV  
  65  5:20  Marine x2  
  70  5:21  Marauder  
  70  5:27  SCV, Terran Infantry Weapons Level 1  
  71  5:29  Supply Depot  
  71  5:31  Factory Reactor  
  71  5:33  Supply Depot  
  71  5:34  Refinery  
  71  5:35  Medivac x2  
  75  5:37  Marauder  
  75  5:38  Marine  
  78  5:43  Marine  
  78  5:44  Marauder  
  78  5:49  Combat Shield  
  81  5:50  SCV  
  81  5:51  SCV  
  81  5:54  Supply Depot  
  83  5:58  Marine  
  83  6:00  Marauder  
  83  6:01  Marine  
  83  6:03  SCV x2  
  89  6:05  Marauder  
  89  6:09  Medivac  
  93  6:16  Marine  
  91  6:19  Marine  
  91  6:20  Medivac  
  91  6:24  Widow Mine  
  91  6:25  Widow Mine  
  98  6:28  Marauder  
  98  6:29  Marauder  
  98  6:32  SCV  
  100  6:33  Marine  
  100  6:36  Marine  
  101  6:47  Command Center  
  101  6:50  Marauder x2  
  101  6:51  Marine  
  101  6:52  Widow Mine x2  
  107  6:54  Marine, Medivac  
  107  6:59  Supply Depot  
  107  7:00  SCV, Medivac  
  113  7:02  SCV  
  114  7:09  Marine  
  114  7:12  Marine  
  114  7:13  SCV  
  114  7:14  Barracks  
  117  7:17  Barracks  
  117  7:18  SCV  
Show
View Real Time Build Order
Export as new Build Order

PartinG Protoss 

Build Orders: 1 Gate Expand, Blink Stalkers 

Get SALT Encoding   

  12  0:00  Probe  
  13  0:12  Probe  
  14  0:17  Pylon  
  14  0:24  Probe (Chrono Boost)  
  15  0:37  Probe (Chrono Boost), Gateway  
  16  0:45  Probe (Chrono Boost)  
  16  0:46  Assimilator  
  17  0:51  Probe  
  18  1:03  Probe  
  19  1:15  Probe  
  20  1:23  Cybernetics Core  
  20  1:33  Nexus  
  20  1:40  Pylon  
  20  1:42  Probe  
  21  1:50  Assimilator  
  21  1:54  Probe  
  21  1:58  Adept (Chrono Boost)  
  24  2:01  Warp Gate  
  24  2:06  Probe  
  25  2:18  Probe, Stalker (Chrono Boost)  
  28  2:30  Probe  
  29  2:43  Probe  
  29  2:44  Twilight Council  
  29  2:45  Probe  
  29  2:48  Stalker  
  32  2:57  Probe  
  32  2:58  Probe  
  34  3:09  Probe  
  34  3:10  Probe  
  34  3:11  Blink (Chrono Boost)  
  36  3:24  Probe x2  
  38  3:29  Robotics Facility  
  38  3:31  Gateway  
  38  3:36  Probe x2  
  38  3:40  Pylon  
  40  3:48  Probe, Assimilator  
  40  3:49  Probe, Sentry  
  44  4:01  Probe x2  
  44  4:02  Phoenix  
  46  4:12  Nexus  
  46  4:13  Probe  
  46  4:14  Probe  
  49  4:17  Observer  
  49  4:18  Pylon  
  49  4:22  Stalker  
  49  4:29  Probe  
  49  4:30  Probe  
  51  4:31  Pylon, Stalker  
  54  4:38  Observer  
  54  4:39  Forge  
  54  4:43  Probe x2  
  56  4:49  Stalker  
  56  4:52  Charge  
  58  4:54  Stalker  
  58  4:56  Probe x2  
  62  5:01  Gateway  
  62  5:03  Observer  
  63  5:09  Gateway  
  63  5:11  Gateway  
  62  5:16  Probe  
  62  5:17  Stalker  
  63  5:22  Stalker  
  63  5:26  Probe x2  
  67  5:28  Probe  
  67  5:32  Immortal (Chrono Boost)  
  71  5:36  Observer  
  71  5:42  Gateway  
  71  5:47  Probe x3  
  74  5:52  Sentry  
  74  5:53  Pylon  
  74  5:58  Stalker  
  74  6:02  Stalker  
  77  6:16  Probe  
  77  6:17  Probe  
  77  6:18  Stalker x2  
  79  6:27  Probe  
  79  6:32  Immortal (Chrono Boost)  
  83  6:38  Observer  
  80  6:40  Zealot x4  
  88  6:50  Zealot x2  
  90  6:55  Probe x2  
  90  6:56  Probe  
  93  7:03  Pylon  
  93  7:04  Pylon  
  93  7:16  Pylon  
  93  7:19  Shield Battery  
  93  7:20  Shield Battery  
  93  7:22  Zealot x3  

Tags
 
Add a new tag
Caveats
  • Supply blocks, unpowered buildings, or Contaminate may cause inaccurate times.
  • Supply counts are checked every 10 seconds.